 Dungeon Crawl Stone Soup version 0.30-a0-377-g5cb311bc9f (webtiles) character file.

Game seed: 10392317459670057280

25644 qeuew the Brawler (level 12, 0/178 HPs)
             Began as a Troll Berserker on Nov 29, 2022.
             Was a High Priest of Trog.
             Slain by a death yak simulacrum (11 damage)
             ... in an ice cave.
             The game lasted 00:16:21 (11268 turns).

qeuew the Brawler (Troll Berserker)                Turns: 11268, Time: 00:16:21

Health: 0/178      AC: 18    Str: 28    XL:     12   Next: 91%
Magic:  11/11      EV:  9    Int:  3    God:    Trog [*****.]
Gold:   867        SH:  5    Dex: 13    Spells: 11/11 levels left

rFire   + . .      SeeInvis .      - Unarmed
rCold   + + .      Faith    .    (no shield)
rNeg    . . .      Spirit   .    e - +0 shadow dragon scales
rPois   +          Reflect  +    j - +2 hat
rElec   .          Harm     .    w - scarf {rC+ rF+}
rCorr   .          Rampage  .    (gloves unavailable)
Will    ++...                    (boots unavailable)
Stlth   ..........               b - amulet of reflection
HPRegen 2.29/turn                i - ring of flight
MPRegen 0.12/turn                s - ring of protection from cold

@: berserking, strong-willed, flying, regenerating, very quick
A: large, unfitting armour, claws 3, regeneration 1, shaggy fur 1, tough skin 1,
poison resistance
a: Renounce Religion, Berserk, Trog's Hand, Brothers in Arms


You were in an ice cave.
You worshipped Trog.
Trog was extremely pleased with you.
You visited 3 branches of the dungeon, and saw 16 of its levels.
You also visited: Sewer, Bailey and Ice Cave.

You collected 1137 gold pieces.
You spent 270 gold pieces at shops.

Inventory:

Missiles
 f - 5 throwing nets (quivered)
Armour
 e - +0 shadow dragon scales (worn)
 j - a +2 hat (worn)
 w - a scarf of resistance (worn)
Jewellery
 b - an amulet of reflection (around neck)
 i - a ring of flight (left claw)
 s - a ring of protection from cold (right claw)
 A - a ring of resist corrosion
Wands
 o - a wand of paralysis (18)
 t - a wand of light (15)
 y - a wand of iceblast (8)
Scrolls
 d - 12 scrolls of teleportation
 h - 3 scrolls of enchant weapon
 l - 3 scrolls of identify
 p - 3 scrolls of fear
 q - a scroll of magic mapping
 r - a scroll of blinking
 x - a scroll of silence
Potions
 a - 7 potions of curing
 c - 4 potions of magic
 g - 7 potions of heal wounds
 k - 2 potions of might
 m - 2 potions of mutation
 n - 4 potions of ambrosia
 v - 2 potions of haste


   Skills:
 + Level 7.7 Fighting
 + Level 6.9 Armour
 + Level 7.7 Dodging
 * Level 15.5 Unarmed Combat
 + Level 4.5 Evocations


You had 11 spell levels left.
You didn't know any spells.
Your spell library was empty.

Dungeon Overview and Level Annotations

Branches:
Dungeon (12/15)            Temple (1/1) D:6            Lair (3/5) D:10
 Spider (0/4) Lair:2          Orc (0/2) D:12          Sewer (visited)
 Bailey (visited)           IceCv (1/1)
  Swamp: Lair:2-3    Shoals: Lair:2-3

Altars:
Ashenzari
Cheibriados
Dithmenos
Elyvilon
Fedhas
Gozag
Hepliaklqana
Kikubaaqudgha
Makhleb
Nemelex Xobeh
Okawaru
Qazlal
Ru
Sif Muna
Trog
Uskayaw
Vehumet
Wu Jian
Xom
Yredelemnul
Zin
The Shining One

Shops:
D:5 !*


Innate Abilities, Weirdness & Mutations

You are too large for most types of armour.
You have claws for hands.
Your natural rate of healing is unusually fast.
You are covered in fur. (AC +1)
You have tough skin. (AC +1)
Your system is resistant to poisons. (rPois)


Message History

The polar bear simulacrum claws you but does no damage. x2
You mangle the ufetubus!!
You kill the ufetubus!
Trog accepts your kill.
The troll simulacrum bites you but does no damage.
You block the troll simulacrum's attack.
The troll simulacrum barely misses you. The death yak simulacrum gores you!
The death yak simulacrum freezes you. You resist.
The death yak simulacrum gores you!
* * * LOW HITPOINT WARNING * * *
The death yak simulacrum freezes you! You resist.
* * * LOW HITPOINT WARNING * * *
Your skin crawls.
You feel strong-willed.
The death yak simulacrum gores you but does no damage. x2
You block the polar bear simulacrum's attack.
The polar bear simulacrum closely misses you.
The polar bear simulacrum completely misses you.
The troll simulacrum barely misses you. The troll simulacrum misses you. x2
A red film seems to cover your vision as you go berserk!
You feel yourself moving faster!
You feel mighty!
The death yak simulacrum gores you but does no damage. x2
You block the polar bear simulacrum's attack.
The polar bear simulacrum misses you.
The polar bear simulacrum claws you but does no damage.
Unknown command.
You claw the death yak simulacrum!
The death yak simulacrum is moderately damaged.
The troll simulacrum bites you!
* * * LOW HITPOINT WARNING * * *
The troll simulacrum freezes you. You resist.
* * * LOW HITPOINT WARNING * * *
You block the troll simulacrum's attack.
The troll simulacrum claws you but does no damage.
You scratch the death yak simulacrum.
The death yak simulacrum is heavily damaged.
The death yak simulacrum gores you!
* * * LOW HITPOINT WARNING * * *
The death yak simulacrum freezes you! You resist.
You die...

#####
####...###
##........###
##............
#.............
#............#
#...ZZ.....#
#@ZZ.# ##Z.##
#..## ##..##
##..# ##...#
##...## #...##
#...##


You could see 2 death yak simulacra, 2 polar bear simulacra and a troll
simulacrum.

Vanquished Creatures
  Gastronok (Lair:1)
  An orc warlord (Bailey)
  Harold (Lair:2)
  2 two-headed ogres (D:11)
  A death yak (Lair:2)
  2 wolf spiders (Lair:2)
  3 elephants (Lair:1)
  2 cane toads
  Maggie (D:7)
  3 kobold demonologists
  Psyche (D:11)
  An unseen horror (D:11)
  2 trolls
  4 komodo dragons
  A polar bear (Lair:2)
  Grinder (D:3)
  A wraith (D:12)
  A shadow (D:10)
  A culicivora (Lair:2)
  11 yaks
  A wyvern (D:9)
  2 basilisks (Lair:1)
  Grum (D:8)
  4 vampire mosquitoes (D:12)
  2 wargs (D:10)
  Menkaure (D:4)
  A redback (Lair:2)
  Duvessa (D:7)
  10 water moccasins
  19 orc warriors
  An ice beast (D:8)
  A black bear (D:7)
  A centaur (D:8)
  3 wolves (D:8)
  3 phantoms
  4 kobold brigands
  4 bullfrogs
  A gnoll sergeant (D:7)
  A necrophage (D:5)
  2 cane toad simulacra (IceCv)
  2 two-headed ogre simulacra
  3 scorpions
  Dowan (D:7)
  2 jellies
  3 elephant simulacra
  6 killer bees (D:9)
  3 howler monkeys (D:10)
  3 hounds (D:5)
  8 orc priests
  A gnoll bouda (D:10)
  7 iguanas
  9 orc wizards
  4 hell rats (Lair:2)
  A polar bear simulacrum (IceCv)
  5 troll simulacra
  2 spriggan simulacra (D:12)
  Robin (D:2)
  15 gnolls
  A naga simulacrum (D:12)
  6 adders
  4 river rats (Lair:2)
  A shadow imp (D:8)
  2 ufetubi
  3 worms
  5 dart slugs
  45 orcs
  11 ball pythons
  4 endoplasms
  4 giant cockroaches
  30 goblins
  24 hobgoblins
  4 jackals
  6 quokkas
  7 bats
  3 frilled lizards
  25 kobolds
  14 rats
379 creatures vanquished.

Vanquished Creatures (collateral kills)
  An orc warrior (Bailey)
  3 gnolls (Bailey)
4 creatures vanquished.

Vanquished Creatures (others)
  A human (D:3)
  3 fungi (Lair:2)
  3 plants
7 creatures vanquished.

Grand Total: 390 creatures vanquished

Notes
Turn   | Place    | Note
-------+----------+-------------------------------------------
     0 | D:1      | qeuew the Troll Berserker began the quest for the Orb.
     0 | D:1      | Reached XP level 1. HP: 22/22 MP: 0/0
   114 | D:1      | Reached XP level 2. HP: 27/29 MP: 1/1
   192 | D:1      | Reached ** piety under Trog
   350 | D:1      | Reached XP level 3. HP: 36/36 MP: 2/2
   701 | D:2      | Reached skill level 4 in Unarmed Combat
   964 | D:2      | Reached XP level 4. HP: 39/44 MP: 3/3
   974 | D:2      | Noticed Robin
   993 | D:2      | Killed Robin
  1013 | D:2      | Reached *** piety under Trog
  1046 | D:2      | Reached XP level 5. HP: 52/53 MP: 4/4
  1204 | D:3      | Reached skill level 1 in Armour
  1276 | D:3      | Noticed Grinder
  1334 | D:3      | Killed Grinder
  1335 | D:3      | Reached skill level 5 in Unarmed Combat
  1335 | D:3      | Reached XP level 6. HP: 61/61 MP: 5/5
  1394 | D:3      | Found an ancient bone altar of Kikubaaqudgha.
  1394 | D:3      | Noticed a human
  1397 | D:3      | Killed a human
  1583 | D:3      | Found a glowing drain.
  1597 | Sewer    | Entered a sewer
  1656 | Sewer    | Noticed a water moccasin
  1664 | Sewer    | Killed a water moccasin
  2171 | D:4      | Reached XP level 7. HP: 68/68 MP: 6/6
  2229 | D:4      | Found an iron altar of Okawaru.
  2359 | D:4      | Reached **** piety under Trog
  2410 | D:4      | Noticed Menkaure
  2415 | D:4      | Killed Menkaure
  2416 | D:4      | Reached skill level 6 in Unarmed Combat
  2752 | D:5      | Entered Level 5 of the Dungeon
  3076 | D:5      | Reached XP level 8. HP: 67/78 MP: 7/7
  3235 | D:5      | Found a blossoming altar of Fedhas.
  3291 | D:5      | Reached skill level 7 in Unarmed Combat
  3577 | D:5      | Found Haizustreed's Distillery.
  3584 | D:5      | Bought 2 potions of degeneration for 30 gold pieces
  3584 | D:5      | Bought a potion of mutation for 120 gold pieces
  3584 | D:5      | Gained mutation: Your body sometimes deteriorates upon
                  | taking damage. [potion of mutation]
  3584 | D:5      | Gained mutation: You are agile. (Dex +4, Str/Int -1)
                  | [potion of mutation]
  3584 | D:5      | Gained mutation: You are frail. (-10% HP) [potion of
                  | mutation]
  3585 | D:5      | Bought a potion of mutation for 120 gold pieces
  3585 | D:5      | Lost mutation: You are frail. (-10% HP) [potion of
                  | mutation]
  3585 | D:5      | Lost mutation: You are agile. (Dex +4, Str/Int -1) [potion
                  | of mutation]
  3585 | D:5      | Lost mutation: Your body sometimes deteriorates upon taking
                  | damage. [potion of mutation]
  3585 | D:5      | Gained mutation: Your system is resistant to poisons.
                  | (rPois) [potion of mutation]
  3604 | D:5      | Found Hacugh's Mayhem Merchandise.
  3920 | D:6      | Found a broken altar of Ashenzari.
  3987 | D:6      | Found a staircase to the Ecumenical Temple.
  4000 | D:6      | Found a sparkling altar of Nemelex Xobeh.
  4522 | Temple   | Entered the Ecumenical Temple
  4904 | D:7      | Noticed Maggie
  4912 | D:7      | Killed Maggie
  4913 | D:7      | Reached skill level 5 in Fighting
  4913 | D:7      | Reached skill level 5 in Dodging
  4913 | D:7      | Reached skill level 8 in Unarmed Combat
  4913 | D:7      | Reached XP level 9. HP: 77/88 MP: 8/8
  4993 | D:7      | Noticed Duvessa
  4998 | D:7      | Noticed Dowan
  5005 | D:7      | Killed Duvessa
  5011 | D:7      | Reached ***** piety under Trog
  5016 | D:7      | Killed Dowan
  5051 | D:7      | Found a glowing silver altar of Zin.
  5309 | D:7      | Found a radiant altar of Vehumet.
  5630 | D:7      | Reached skill level 9 in Unarmed Combat
  5944 | D:8      | Found a flagged portal.
  5960 | Bailey   | Entered a bailey
  5990 | Bailey   | Received a gift from Trog
  6030 | Bailey   | Reached skill level 1 in Evocations
  6167 | Bailey   | Noticed an orc warlord
  6213 | Bailey   | Killed an orc warlord
  6214 | Bailey   | Reached skill level 5 in Armour
  6214 | Bailey   | Reached skill level 10 in Unarmed Combat
  6214 | Bailey   | Reached XP level 10. HP: 98/98 MP: 9/9
  6223 | Bailey   | Identified the ring of Qibikyx {rC+ Int+4}
  6354 | Bailey   | Reached skill level 13 in Unarmed Combat
  6354 | Bailey   | Reached XP level 11. HP: 105/105 MP: 10/10
  6443 | D:8      | Noticed Grum
  6457 | D:8      | Killed Grum
  6587 | D:8      | Found a snail-covered altar of Cheibriados.
  6765 | D:8      | Found an opulent altar of Gozag.
  6881 | D:8      | Found a shimmering altar of Xom.
  6883 | D:8      | Found a sacrificial altar of Ru.
  6883 | D:8      | Found a glowing silver altar of Zin.
  6885 | D:8      | Found an ornate altar of the Wu Jian Council.
  6885 | D:8      | Found a basalt altar of Yredelemnul.
  6885 | D:8      | Found a shimmering altar of Xom.
  7192 | D:9      | Reached skill level 14 in Unarmed Combat
  7595 | D:10     | Entered Level 10 of the Dungeon
  7598 | D:10     | Found a staircase to the Lair.
  7775 | D:10     | Found a hide-covered altar of Uskayaw.
  8533 | Lair:1   | Entered Level 1 of the Lair of Beasts
  8668 | Lair:1   | Reached XP level 12. HP: 73/115 MP: 11/11
  9085 | Lair:1   | Noticed Gastronok
  9097 | Lair:1   | Killed Gastronok
  9449 | Lair:2   | Noticed Harold
  9463 | Lair:2   | Killed Harold
  9605 | Lair:2   | Noticed a death yak
  9617 | Lair:2   | Killed a death yak
  9650 | Lair:2   | Reached skill level 15 in Unarmed Combat
  9816 | Lair:2   | Found a hole to the Spider Nest.
 10330 | Lair:3   | Noticed a five-headed hydra
 10424 | D:11     | Noticed a two-headed ogre
 10434 | D:11     | Killed a two-headed ogre
 10453 | D:11     | Noticed a two-headed ogre
 10459 | D:11     | Killed a two-headed ogre
 10640 | D:11     | Noticed Psyche
 10646 | D:11     | Killed Psyche
 10674 | D:11     | Received a gift from Trog
 11110 | D:12     | Found a frozen archway.
 11218 | IceCv    | Entered an ice cave
 11268 | IceCv    | Slain by a death yak simulacrum

Illustrated notes

Levels and vault maps discovered:
D:1:      dpeg_arrival_tiny_a, layout_rooms
D:2:      layout_basic, minmay_joined_circles, uniq_robin
D:3:      layout_loops_ring, tgw_kikubaaqudgha, portal_sewer_entry_d,
          dreamdust_wishing_well, kennysheep_decorative_pillar, uniq_grinder
D:4:      layout_loops_ring, lemuel_doored_altar, uniq_menkaure
D:5:      nicolae_cairo_tiling_very_big, layout_basic, general_overflow_altar,
          serial_shops, shop, minmay_shop_mayhem, minmay_pentangle
D:6:      layout_basic, mainiacjoe_overflow_small_starburst,
          ashenzari_conservatory_becter, minmay_temple_entry_waves,
          minivault_14, lexackson_kobold_supper
D:7:      layout_layer_cave, fiery_altar_vehumet,
          mainiacjoe_overflow_cross_hatched, grunt_tough_drop, uniq_maggie,
          uniq_duvessa
D:8:      layout_loops_ring, doesnt_xom_only_xom, grunt_gozag_breadcrumbs,
          mainiacjoe_overflow_boulevard, enter_bailey_2, uniq_grum
D:9:      layout_cave_pools
D:10:     layout_stronghold, nicolae_uskayaw_murder_on_the_dancefloor,
          erik_lair_orcish_takeover, kennysheep_flooded_box
D:11:     layout_roguey, uniq_psyche
D:12:     layout_loops_cross, erik_orc_2, portal_ice_cave_entry_ice_simulacra,
          lightli_church_of_beogh
Temple:   chequers_temple_sunken
Lair:1:   layout_roguey, st_stairs_8, grunt_megastairs_4, serial_bayou_shore_b,
          uniq_gastronok
Lair:2:   layout_regular_city, spider_nest_entry_funnel_web,
          kennysheep_abandoned_house, uniq_harold
Lair:3:   layout_hall_layers, elwin_shoals_entry_rooms,
          infiniplex_staircase_pool_2, lemuel_fruit_tree
IceCv:    ice_cave_small_necro

Skill      XL: |  1  2  3  4  5  6  7  8  9 10 11 12 |
---------------+-------------------------------------+-----
Unarmed Combat | 4 5 6 8 10 13 14 15 | 15.5
Dodging        | 3 4 5 6 7 |  7.7
Fighting       | 3 4 5 6 7 |  7.7
Armour         | 1 2 3 5 6 |  6.9
Evocations     | 1 2 3 4 |  4.5

Action                   |  1- 3 |  4- 6 |  7- 9 | 10-12 || total
-------------------------+-------+-------+-------+-------++-------
Melee: Unarmed           |   112 |   161 |   324 |   462 ||  1059
       Punch             |     2 |     4 |    15 |    34 ||    55
Invok: Trog's Hand       |       |     1 |     2 |     2 ||     5
       Brothers in Arms  |       |       |     4 |       ||     4
       Berserk           |       |       |     3 |     4 ||     7
  Use: Scroll            |     2 |     8 |     4 |     2 ||    16
       Potion            |     2 |     1 |     5 |     1 ||     9
 Stab: Sleeping          |     1 |     6 |     5 |     1 ||    13
       Distracted        |       |       |     2 |       ||     2
Armor: Animal skin       |    37 |       |       |       ||    37
       Shadow dragon sca |     3 |   140 |   161 |   285 ||   589
Dodge: Dodged            |    44 |    61 |   100 |   188 ||   393
Block: Other             |       |       |    57 |   113 ||   170

Table legend: (Time is in decaauts)
 A = Elapsed time spent in this place.
 B = Non-inter-level travel time spent in this place.
 C = Inter-level travel time spent in this place.
 D = Time resting spent in this place.
 E = Time spent auto-exploring this place.
 F = Levels seen in this place.
 G = Mean time per level.
                   A        B        C        D        E       F      G
               +--------+--------+--------+--------+--------+-----+--------+
         Total |  11120 |  10450 |    670 |     50 |   8226 |  19 |  585.3 |
       Dungeon |   8420 |   7845 |    575 |     50 |   6346 |  12 |  701.7 |
        Temple |    274 |    274 |      0 |      0 |    107 |   1 |  274.0 |
          Lair |   1841 |   1747 |     94 |      0 |   1530 |   3 |  613.7 |
         Sewer |    125 |    125 |      0 |      0 |     89 |   1 |  125.0 |
        Bailey |    412 |    412 |      0 |      0 |    133 |   1 |  412.0 |
      Ice Cave |     44 |     44 |      0 |      0 |     20 |   1 |   44.0 |
               +--------+--------+--------+--------+--------+-----+--------+

Top non-repeatable levels by time:
     D:7: 1063 daAuts
    D:10: 949 daAuts
     D:5: 934 daAuts
  Lair:1: 927 daAuts
  Lair:2: 912 daAuts
     D:3: 907 daAuts
     D:6: 818 daAuts
     D:8: 752 daAuts
     D:2: 674 daAuts
    D:11: 621 daAuts
     D:4: 587 daAuts
     D:9: 513 daAuts
     D:1: 446 daAuts
  Bailey: 412 daAuts
  Temple: 274 daAuts
